 Dungeon Crawl Stone Soup version 0.23.2-40-g277498a001 (webtiles) character file.

Game seed: 14214562423720537051

47 Eeowdah the Conjurer (level 3, -5/26 HPs)
             Began as a Draconian Conjurer on Sept 11, 2019.
             Slain by Robin
             ... wielding a +0 mace
              (6 damage)
             ... on level 2 of the Dungeon.
             The game lasted 00:14:38 (1062 turns).

Eeowdah the Conjurer (Draconian Conjurer)           Turns: 1062, Time: 00:14:39

Health: -5/26      AC:  5    Str: 10    XL:     3   Next: 48%
Magic:  2/6        EV: 11    Int: 16    God:
Gold:   81         SH:  0    Dex: 11    Spells: 5/6 levels left

rFire    . . .     SeeInvis .   e - +0 whip
rCold    . . .     Gourm    .   (no shield)
rNeg     . . .     Faith    .   (armour unavailable)
rPois    .         Spirit   .   (helmet restricted)
rElec    .         Reflect  .   (no cloak)
rCorr    .         Harm     .   (no gloves)
MR       .....                  (no boots)
Stlth    +.........             (no amulet)
HPRegen  0.08/turn              k - ring of flight
MPRegen  0.10/turn              (no ring)

@: heavily drained
A: unfitting armour, cold-blooded, AC +5
a: Evoke Flight


You were on level 2 of the Dungeon.
You were not hungry.

You visited 1 branch of the dungeon, and saw 2 of its levels.

You collected 81 gold pieces.

Inventory:

Hand Weapons
 a - a +0 hunting sling
 c - a +0 hunting sling
 d - a +0 hunting sling
 e - a +0 whip (weapon)
Missiles
 f - 27 stones (quivered)
 i - 27 bolts
 j - 5 tomahawks
 n - 41 arrows
 r - 45 sling bullets
Jewellery
 k - a ring of flight (left hand)
Potions
 h - a potion of invisibility {unknown}
Comestibles
 b - 3 rations


   Skills:
 + Level 1.8(0.0) Dodging
 + Level 2.0(0.0) Stealth
 + Level 2.3(0.0) Spellcasting
 + Level 4.9(2.4) Conjurations


You had 5 spell levels left.
You knew the following spells:

 Your Spells              Type           Power        Failure   Level  Hunger
a - Magic Dart            Conj           #...         10%         1    ##.....

Your spell library contained the following spells:

 Spells                   Type           Power        Failure   Level  Hunger
 Searing Ray              Conj           #.....       14%         2    ###....
 Dazzling Spray           Conj/Hex       #.....       43%         3    ####...
 Iskenderun's Mystic Bla  Conj           #.......     67%         4    #####..
 Force Lance              Conj/Tloc      #.......     83%         4    #####..
 Fulminant Prism          Conj/Hex       #.........   83%         4    #####..


Dungeon Overview and Level Annotations

Branches:
Dungeon (2/15)

Altars:

Annotations:
D:2 Robin


Innate Abilities, Weirdness & Mutations

Your plain brown scales are hard. (AC +5)
You cannot fit into any form of body armour.
You are cold-blooded and may be slowed by cold attacks.


Message History

You barely miss the goblin.
The goblin is heavily wounded.
Robin hits you but does no damage.
The goblin hits you with a +0 dagger of draining.
* * * LOW HITPOINT WARNING * * *
You feel drained.
* * * LOW HITPOINT WARNING * * *
Level annotation: Robin Welcome back, Eeowdah the Draconian Conjurer.
Press ? for a list of commands and other information.
You miss the goblin.
The goblin is heavily wounded.
The goblin hits you with a +0 dagger of draining.
* * * LOW HITPOINT WARNING * * *
You feel drained. Robin hits you but does no damage.
You closely miss the goblin.
The goblin is heavily wounded.
The goblin hits you but does no damage.
You feel drained. Robin hits you with a +0 mace.
You die...

........#
....#'#'########
. #..........#
##g.J......#
#..g......#
#.........#
#....)....#
##.†#############
#(>†g@g........#
##############.#
#.# #.# #.# #)#
#.# #.# #.#


You could see Robin and a goblin.

Vanquished Creatures
  An adder (D:2)
  6 bats (D:1)
  A giant cockroach (D:1)
  12 goblins
  4 hobgoblins
  3 kobolds (D:1)
  2 frilled lizards
  3 rats (D:1)
32 creatures vanquished.

Notes
Turn   | Place    | Note
-------+----------+-------------------------------------------
     0 | D:1      | Eeowdah the Draconian Conjurer began the quest for the Orb.
     0 | D:1      | Reached XP level 1. HP: 14/14 MP: 3/3
   122 | D:1      | Reached XP level 2. HP: 20/20 MP: 1/5
   971 | D:2      | Reached XP level 3. HP: 26/26 MP: 0/6
  1035 | D:2      | Identified the +0 helmet "Zufimunus" {*Contam rF+ rN+ MR+}
  1035 | D:2      | Noticed Robin
  1061 | D:2      | HP: 1/26 [goblin/+0 dagger of draining[Robin] (1)]
  1062 | D:2      | Slain by Robin

Skill      XL: |  1  2  3 |
---------------+----------+-----
Stealth        | 2 |  2.0
Dodging        | |  1.8
Spellcasting   | |  2.3
Conjurations   | |  4.9

Action                   || total
-------------------------++-------
Melee: Dagger            ||     5
       Whip              ||    10
 Fire: Hunting sling     ||    13
 Cast: Magic Dart        ||    50
  Use: Scroll            ||     4
       Potion            ||     1
  Eat: Ration            ||     1
Armor: Skin              ||    11
Dodge: Dodged            ||    21
